 Dungeon Crawl Stone Soup version 0.24.0-37-gcf1ca852f1 (webtiles) character file.

Game seed: 4647355191954413972, levelgen mode: deterministic

62702 Belius the Fencer (level 15, -3/120 HPs)
             Began as a Formicid Abyssal Knight on Dec 5, 2019.
             Was the Champion of Lugonu.
             Slain by a two-headed ogre
             ... wielding a +2 dire flail of crushing
              (4 damage)
             ... on level 15 of the Dungeon.
             The game lasted 01:30:10 (29018 turns).

Belius the Fencer (Formicid Abyssal Knight)        Turns: 29018, Time: 01:30:10

Health: -3/120     AC: 15    Str: 21    XL:     15   Next: 47%
Magic:  21/21      EV: 17    Int: 13    God:    Lugonu [******]
Gold:   1101       SH: 11    Dex: 16    Spells: 14/14 levels left

rFire    + . .     SeeInvis +   n - +7 long sword (distort)
rCold    . . .     Gourm    .   v - +1 buckler {AC+3}
rNeg     . . .     Faith    .   F - +1 ring mail "Paodet" {rF+}
rPois    .         Spirit   .   (helmet unavailable)
rElec    .         Reflect  +   (no cloak)
rCorr    +         Harm     .   z - +1 pair of gloves
MR       ++...                  L - +0 pair of boots
Stlth    +++++.....             R - +3 amulet of reflection
HPRegen  0.30/turn              B - ring of protection from magic
MPRegen  0.17/turn              P - ring of resist corrosion

@: agile, studying Slings, lightly drained
A: permanent stasis, dig shafts and tunnels, four strong arms, antennae 3
a: Dig, Shaft Self, Depart the Abyss, Bend Space, Banish, Corrupt, Enter the
Abyss, Renounce Religion


You were on level 15 of the Dungeon.
You worshipped Lugonu.
Lugonu was exalted by your worship.
You were hungry.

You visited 1 branch of the dungeon, and saw 15 of its levels.
You visited the Abyss 1 time.
You also visited: Ossuary.

You collected 1101 gold pieces.

Inventory:

Hand Weapons
 d - a +3 great sword of holy wrath
 h - a +9 great sword of slicing
 n - a +7 long sword of distortion (weapon)
 y - a +4 scimitar of flaming
 Q - the +11 shortbow "Dekekazxi" {speed, rC+ MR- Int+8, unknown}
   (You found it on level 14 of the Dungeon)

   Attacks with this weapon are significantly faster.
   It affects your intelligence (+8).
   It protects you from cold.
   It affects your resistance to hostile enchantments.
Armour
 l - a +3 chain mail
 o - a +0 robe of fire resistance
 v - a +1 buckler of protection (worn)
 z - a +1 pair of gloves (worn)
 E - a +2 leather armour of fire resistance
 F - the +1 ring mail "Paodet" (worn) {rF+}
   (You took it off a gnoll sergeant on level 8 of the Dungeon)

   It protects you from fire.
 G - a +1 leather armour of cold resistance
 H - a +1 shield
 L - a +0 pair of boots (worn)
Jewellery
 k - an uncursed ring of wizardry
 s - an uncursed ring of fire
 w - an uncursed ring of ice
 B - a ring of protection from magic (left hand)
 I - an uncursed ring of flight
 N - an uncursed amulet of magic regeneration
 P - a ring of resist corrosion (right hand)
 R - a +3 amulet of reflection (around neck)
 S - an uncursed ring of protection from magic
 V - an uncursed ring of positive energy
Wands
 a - a wand of polymorph (12)
 i - a wand of digging (6)
 x - a wand of disintegration (13)
 C - a wand of enslavement (35)
 K - a wand of iceblast (11)
Scrolls
 b - 3 scrolls of identify
 f - 12 scrolls of remove curse
 g - 4 scrolls of enchant armour
 p - 5 scrolls of amnesia
 q - 2 scrolls of fog
 D - a scroll of magic mapping
 O - a scroll of torment
Potions
 j - 3 potions of brilliance
 m - a potion of lignification
 t - 2 potions of mutation
 u - a potion of resistance
 A - 5 potions of flight
Books
 J - a manual of Slings
Miscellaneous
 e - a phantom mirror
Comestibles
 c - 14 rations
 U - 4 chunks of flesh


   Skills:
 + Level 12.0(11.9) Fighting
 + Level 15.7(15.6) Long Blades
 + Level 10.4 Armour
 - Level 2.3(2.2) Dodging
 * Level 9.1(9.0) Stealth
 + Level 12.8(12.7) Shields
 + Level 8.0(7.9) Invocations
 + Level 3.6(3.5) Evocations


You had 14 spell levels left.
You didn't know any spells.
Your spell library contained the following spells:

 Spells                   Type           Power        Failure   Level  Hunger
 Animate Skeleton         Necr           N/A          41%         1    ##.....
 Apportation              Tloc           #.....       41%         1    ##.....
 Confusing Touch          Hex            #.....       41%         1    ##.....
 Corona                   Hex            #......      41%         1    ##.....
 Freeze                   Ice            #...         41%         1    ##.....
 Magic Dart               Conj           #...         41%         1    ##.....
 Summon Small Mammal      Summ           #...         41%         1    ##.....
 Call Imp                 Summ           #.......     56%         2    ###....
 Searing Ray              Conj           #.....       56%         2    ###....
 Slow                     Hex            #.......     56%         2    ###....
 Throw Frost              Conj/Ice       #.....       56%         2    ###....
 Conjure Flame            Conj/Fire      #.......     80%         3    ####...
 Dazzling Spray           Conj/Hex       #.....       80%         3    ####...
 Inner Flame              Hex/Fire       #.......     80%         3    ####...
 Mephitic Cloud           Conj/Pois/Air  #.......     80%         3    ####...
 Ozocubu's Armour         Chrm/Ice       #.......     80%         3    ####...
 Portal Projectile        Hex/Tloc       #.....       80%         3    ####...
 Cause Fear               Hex            #.........   99%         4    #####..
 Force Lance              Conj/Tloc      #.......     99%         4    #####..
 Fulminant Prism          Conj/Hex       #.........   99%         4    #####..
 Iskenderun's Mystic Bla  Conj           #.......     99%         4    #####..
 Leda's Liquefaction      Hex/Erth       #.........   99%         4    #####..
 Summon Ice Beast         Ice/Summ       #.......     99%         4    #####..
 Throw Icicle             Conj/Ice       #.......     99%         4    #####..
 Blink                    Tloc           Unusable     N/A         2    N/A

Dungeon Overview and Level Annotations

Branches:
Dungeon (15/15)            Temple (0/1) D:6            Lair (0/6) D:9
    Orc (0/2) D:10         Vaults (0/5) D:14        Ossuary (visited)
 Depths: D:15

Altars:
Cheibriados
Fedhas
Hepliaklqana
Makhleb
Nemelex Xobeh
Okawaru
Qazlal
Ru
Uskayaw
Xom
Yredelemnul

Shops:
D:4 %   D:14 :


Innate Abilities, Weirdness & Mutations

You cannot be hasted, slowed, berserked, paralysed or teleported.
You can dig through walls and to a lower floor.
Your four strong arms can wield two-handed weapons with a shield.
You have a pair of large antennae on your head. (SInv)


Message History

Lugonu accepts your kill.
Okay, then.
Okay, then.
Evoke which item? (* to show all) (? for menu, Esc to quit)
Aiming: Phantom Mirror
Press: ? - help, Dir - move target cursor You can't see anything there to clone.
Evoke which item? (* to show all) (? for menu, Esc to quit)
Aiming: Phantom Mirror
Press: ? - help, Dir - move target cursor, f - you Sorry, you can't target yourself.
Okay, then.
Okay, then.
Okay, then.
You feel agile all of a sudden.
You hit the two-headed ogre.
The two-headed ogre is lightly wounded.
The two-headed ogre hits you with a +2 dire flail of crushing!
* * * LOW HITPOINT WARNING * * *
You die...

.##y.#
.##.{##########
.##{{{........#
.##.###{#####{#
. #.#...{O..#{#
..#.#####{#.#
####. #.{{### #
#.#{#O##
..$#{.#@#
#####.#### ...#
#####


You could see a two-headed ogre.

Vanquished Creatures
  Rupert (D:14)
  Nessos (D:12)
  Azrael (D:14)
  Harold (D:8)
  Erolcha (D:13)
  10 two-headed ogres
  2 centaur warriors
  3 tengu warriors
  The ghost of FishyPogo the Magician, a novice GnVM of Okawaru (D:8)
  Urug (D:13)
  The ghost of Sondor the Chopper, a novice DsGl of Gozag (D:6)
  4 unseen horrors
  6 skeletal warriors
  2 wizards
  13 deep elf magi
  19 ugly things
  2 manticores (D:13)
  2 cyclopes (D:15)
  A shining eye (shapeshifter) (D:14)
  Psyche (D:8)
  3 gargoyles
  6 centaur skeletons
  An efreet (D:15)
  2 tengu conjurers
  4 trolls
  2 meliai (D:14)
  2 hornets (D:12)
  5 hippogriffs
  8 slime creatures
  Sigmund (D:3)
  A shadow (D:15)
  6 water elementals
  5 wraiths
  2 wyverns (D:13)
  Eustachio (D:4)
  15 yaks
  4 fire elementals (D:14)
  Grum (D:8)
  3 vampire mosquitoes (D:15)
  An acid dragon (D:15)
  A soldier ant (D:15)
  A black bear (D:6)
  7 orc warriors
  2 eyes of draining
  4 hell hounds (D:14)
  3 necrophages
  2 phantoms
  3 sky beasts
  7 ice beasts
  17 centaurs
  3 wolves
  6 ogres
  3 crocodiles
  A big kobold (D:11)
  A water moccasin zombie (Ossuary)
  8 bullfrogs
  4 gnoll sergeants
  A wyvern zombie (D:11)
  An elf skeleton (D:8)
  4 scorpions
  4 killer bees (D:11)
  7 electric eels
  5 wights
  7 howler monkeys
  8 crimson imps
  4 centaur zombies (Ossuary)
  2 jellies
  A quasit (D:11)
  5 bullfrog zombies
  6 hounds
  5 human zombies (D:8)
  2 bullfrog skeletons
  5 orc priests
  14 orc wizards
  12 mummies
  A gnoll shaman (D:8)
  A human skeleton (D:8)
  5 iguanas
  13 worker ants
  2 hound zombies (Ossuary)
  A hound skeleton (D:5)
  2 howler monkey zombies (Ossuary)
  2 worker ant zombies
  17 gnolls
  A howler monkey skeleton (D:7)
  12 adders
  5 shadow imps
  2 worms (D:3)
  2 adder skeletons
  An adder zombie (Ossuary)
  3 dart slugs
  6 leopard geckos
  52 orcs
  2 giant cockroaches
  9 goblins
  2 hobgoblins (D:3)
  10 jackals
  16 kobolds
  3 quokkas
  4 ball pythons
  A ball python zombie (Ossuary)
  4 bats
  5 frilled lizards
  A giant cockroach zombie (Ossuary)
  A jackal zombie (Ossuary)
  2 leopard gecko zombies
  A quokka skeleton (D:4)
  6 rats
507 creatures vanquished.

Vanquished Creatures (others)
  A centaur warrior (D:15)
  A skeletal warrior (D:15)
  3 ugly things
  A cyclops (D:13)
  A yaktaur (D:15)
  7 slime creatures
  2 yaks (D:13)
  A centaur (D:15)
  A wight (D:13)
  2 electric eels
  An orc wizard (D:13)
  An iguana (D:12)
  A bat (D:2)
  55 plants
  A withered plant (Ossuary)
79 creatures vanquished.

Grand Total: 586 creatures vanquished

Notes
Turn   | Place    | Note
-------+----------+-------------------------------------------
     0 | Abyss:1  | Belius the Formicid Abyssal Knight began the quest for the
                  | Orb.
     0 | Abyss:1  | Reached XP level 1. HP: 18/18 MP: 2/2
   107 | D:1      | Escaped the Abyss
   440 | D:1      | Reached XP level 2. HP: 19/24 MP: 3/3
   456 | D:1      | Reached * piety under Lugonu
   813 | D:1      | Reached skill level 1 in Dodging
   842 | D:1      | Reached XP level 3. HP: 12/30 MP: 4/4
  1933 | D:2      | Reached XP level 4. HP: 29/37 MP: 5/5
  2419 | D:3      | Reached ** piety under Lugonu
  2963 | D:3      | Reached skill level 3 in Long Blades
  3032 | D:3      | Reached XP level 5. HP: 33/42 MP: 6/6
  3345 | D:3      | Noticed Sigmund
  3375 | D:3      | Killed Sigmund
  3375 | D:3      | Reached skill level 4 in Long Blades
  3375 | D:3      | Reached XP level 6. HP: 17/49 MP: 7/7
  4010 | D:4      | Reached skill level 1 in Stealth
  4010 | D:4      | Reached XP level 7. HP: 22/55 MP: 8/8
  4030 | D:4      | You fall into a shaft and drop 3 floors!
  4037 | D:7      | HP: 2/55 [poisoned by a worker ant]
  4331 | D:6      | Found a hazy altar of Hepliaklqana.
  4512 | D:6      | Found a runed translucent door.
  4523 | D:6      | Reached skill level 5 in Long Blades
  4573 | D:6      | Found a snail-covered altar of Cheibriados.
  4681 | D:6      | Found a hide-covered altar of Uskayaw.
  4682 | D:6      | Found a shimmering altar of Xom.
  4768 | D:6      | Found a sparkling altar of Nemelex Xobeh.
  4931 | D:6      | Reached XP level 8. HP: 52/61 MP: 9/9
  4975 | D:5      | Entered Level 5 of the Dungeon
  5078 | D:5      | Reached skill level 5 in Fighting
  5086 | D:5      | Reached *** piety under Lugonu
  5150 | D:5      | Found a sand-covered staircase.
  5161 | Ossuary  | Entered an ossuary
  5271 | Ossuary  | Reached skill level 6 in Long Blades
  5297 | Ossuary  | Reached skill level 5 in Armour
  6398 | D:5      | Reached skill level 5 in Stealth
  6398 | D:5      | Reached XP level 9. HP: 33/69 MP: 11/11
  6735 | D:5      | Reached skill level 7 in Long Blades
  7022 | D:5      | Reached skill level 1 in Shields
  7279 | D:5      | Found an iron altar of Okawaru.
  7362 | D:4      | Found Duishryll's Food Shoppe.
  7396 | D:4      | Reached **** piety under Lugonu
  7502 | D:4      | Noticed Eustachio
  7872 | D:4      | Killed Eustachio
  8121 | D:6      | Found a staircase to the Ecumenical Temple.
  8442 | D:6      | Noticed Sondor's ghost (novice DsGl)
  8469 | D:7      | Found a sacrificial altar of Ru.
  8616 | D:6      | Reached skill level 8 in Long Blades
 10485 | D:8      | Noticed Harold
 10612 | D:8      | Noticed Psyche
 10614 | D:8      | Noticed a two-headed ogre
 10616 | D:8      | Killed Psyche
 10616 | D:8      | Reached XP level 10. HP: 69/77 MP: 12/12
 10806 | D:8      | Killed Harold
 10806 | D:8      | Reached skill level 5 in Shields
 10806 | D:8      | Reached skill level 1 in Evocations
 11024 | D:8      | Found a blossoming altar of Fedhas.
 11066 | D:8      | Found a transporter.
 11179 | D:8      | Noticed Grum
 11448 | D:9      | Reached skill level 9 in Long Blades
 11522 | D:9      | Reached skill level 5 in Invocations
 11683 | D:9      | Found a burning altar of Makhleb.
 11752 | D:9      | Reached XP level 11. HP: 50/84 MP: 15/15
 12085 | D:9      | Found a stormy altar of Qazlal.
 12104 | D:9      | Found a staircase to the Lair.
 12158 | D:9      | Noticed a two-headed ogre
 12860 | D:10     | Entered Level 10 of the Dungeon
 13138 | D:8      | Reached ***** piety under Lugonu
 13311 | D:8      | Reached skill level 10 in Long Blades
 13494 | D:8      | Found a basalt altar of Yredelemnul.
 13813 | D:8      | Killed a two-headed ogre
 13854 | D:8      | Identified the +1 ring mail "Paodet" {rF+}
 13895 | D:8      | Identified the amulet of Kiki {Harm *Drain rElec Str-5
                  | Int+5 Dex+4}
 13908 | D:8      | Found a transporter.
 13909 | D:8      | Noticed FishyPogo's ghost (novice GnVM)
 14018 | D:8      | Killed FishyPogo's ghost
 14435 | D:8      | Killed a two-headed ogre
 14479 | D:8      | Killed Grum
 14684 | D:6      | HP: 4/86 [Sondor's ghost (1)]
 14700 | D:6      | Killed Sondor's ghost
 14700 | D:6      | Reached XP level 12. HP: 36/92 MP: 17/17
 15136 | D:10     | Found a staircase to the Orcish Mines.
 15744 | D:11     | Noticed a wizard
 15755 | D:11     | Killed a wizard
 15879 | D:11     | Reached skill level 11 in Long Blades
 16455 | D:11     | Reached skill level 10 in Shields
 16849 | D:11     | Noticed a two-headed ogre
 16864 | D:11     | Killed a two-headed ogre
 17574 | D:12     | Noticed a two-headed ogre
 17580 | D:12     | Killed a two-headed ogre
 17639 | D:12     | Reached ****** piety under Lugonu
 17798 | D:12     | Noticed a two-headed ogre
 17807 | D:12     | Killed a two-headed ogre
 17931 | D:12     | Reached XP level 13. HP: 89/101 MP: 18/18
 17970 | D:12     | Reached skill level 12 in Long Blades
 18318 | D:12     | Reached skill level 10 in Fighting
 19244 | D:12     | Noticed Nessos
 19674 | D:12     | Identified a +7 long sword of distortion (a cursed +5 long
                  | sword corrupted by Lugonu)
 19674 | D:12     | Received a gift from Lugonu
 19719 | D:12     | Killed Nessos
 20131 | D:13     | Reached skill level 13 in Long Blades
 20543 | D:13     | Noticed Erolcha
 20550 | D:13     | Killed Erolcha
 20602 | D:13     | Noticed Urug
 20629 | D:13     | Killed Urug
 21336 | D:13     | Reached XP level 14. HP: 99/111 MP: 19/19
 22997 | D:14     | Reached skill level 14 in Long Blades
 23416 | D:14     | HP: 5/113 [electric eel/bolt of electricity (11)]
 23429 | D:14     | HP: 5/113 [electric eel/bolt of electricity (8)]
 23840 | D:14     | Found Areasis's Book Shop.
 24647 | D:14     | Noticed Azrael
 24729 | D:14     | Found a gate to the Vaults.
 24845 | D:14     | Got an iridescent shortbow
 25040 | D:14     | Noticed Rupert
 25082 | D:14     | Killed Rupert
 25082 | D:14     | Reached skill level 10 in Armour
 26352 | D:14     | Reached skill level 15 in Long Blades
 26360 | D:14     | Killed Azrael
 27396 | D:14     | Reached XP level 15. HP: 88/119 MP: 20/20
 27545 | D:15     | Entered Level 15 of the Dungeon
 29013 | D:15     | HP: 1/120 [two-headed ogre/cursed -1 giant club (18)]
 29018 | D:15     | HP: 1/120 [two-headed ogre/+2 dire flail of crushing (11)]
 29018 | D:15     | Slain by a two-headed ogre

Levels and vault maps discovered:
D:1:      nagdon_arrival_double_spiral, layout_rooms
D:2:      layout_basic
D:3:      layout_loops_ring, uniq_sigmund
D:4:      layout_gridville, serial_shops, shop_fountains, uniq_eustachio
D:5:      layout_rooms, nicolae_ossuary_entry_plus, first_ration,
          okawaru_altar_gauntlet_db
D:6:      layout_basic, nicolae_overflow_hidden_temple, kennysheep_little_box,
          grunt_temple_overflow_open, minmay_temple_entry_statues_pillars,
          ebering_ghost_sewer_d
D:7:      layout_layer_cave, nicolae_ru_sacrificial_ziggurat
D:8:      layout_basic, nicolae_overflow_crystal_walls,
          lemuel_mausoleum_altar_yredelemnul, gammafunk_ghost_gnarly_gnolls,
          uniq_psyche, uniq_grum, uniq_harold
D:9:      layout_roguey, old_standard_altar, kennysheep_mini_moat
D:10:     layout_big_octagon, david_orc_2
D:11:     layout_long_grid
D:12:     layout_basic, grunt_tengu_nest, elves_outpost_lemuel, uniq_nessos
D:13:     layout_loops_ring, minmay_misc_feat_rugged, lemuel_flamethrower_3,
          uniq_urug, uniq_erolcha
D:14:     layout_long_grid, david_vaults_1, serial_shops,
          nicolae_shop_waterfront, grunt_decor_arrowhead, serial_bayou,
          serial_bayou_pond_b, serial_bayou_pond_a, serial_bayou_pond_b,
          serial_bayou_lake_a, uniq_azrael, uniq_rupert
D:15:     grunt_enter_depths_giant_problem, layout_basic, serial_bayou_pond_c,
          basic_altar, kb_tengu_band

Skill      XL: |  1  2  3  4  5  6  7  8  9 10 11 12 13 14 15 |
---------------+----------------------------------------------+-----
Dodging        | 1 2 |  2.3
Fighting       | 4 5 6 7 8 9 10 11 12 | 12.0
Armour         | 3 4 5 7 8 9 10 | 10.4
Long Blades    | 3 4 5 6 8 9 10 11 13 15 | 15.7
Stealth        | 1 2 5 7 9 |  9.1
Shields        | 4 6 9 10 12 | 12.8
Invocations    | 3 5 7 8 |  8.0
Evocations     | 1 2 3 |  3.6

Action                   |  1- 3 |  4- 6 |  7- 9 | 10-12 | 13-15 || total
-------------------------+-------+-------+-------+-------+-------++-------
Melee: Falchion          |   107 |   181 |   813 |     8 |       ||  1109
       Long sword        |       |       |       |   945 |   446 ||  1391
       Great sword       |       |       |       |       |   363 ||   363
Invok: Depart the Abyss  |     1 |       |       |       |       ||     1
       Bend Space        |       |       |     5 |       |    13 ||    18
       Brand Weapon With |       |       |       |       |     1 ||     1
 Abil: Dig               |       |     1 |     6 |    16 |    21 ||    44
       Shaft Self        |       |       |     1 |       |       ||     1
Evoke: Wand              |       |       |     7 |    15 |    21 ||    43
  Use: Scroll            |     3 |     2 |    11 |     3 |    10 ||    29
       Potion            |       |     8 |     7 |     7 |    16 ||    38
 Stab: Confused          |       |       |       |     2 |       ||     2
       Invisible         |       |       |       |       |     6 ||     6
       Sleeping          |       |       |       |       |     4 ||     4
       Distracted        |       |       |       |       |     2 ||     2
  Eat: Chunk             |     3 |     5 |    12 |    11 |    14 ||    45
       Ration            |       |     1 |     3 |     4 |     7 ||    15
Armor: Leather armour    |    41 |       |       |       |       ||    41
       Chain mail        |       |    68 |       |    40 |       ||   108
       Ring mail         |       |     1 |       |    84 |   158 ||   243
       Plate armour      |       |    48 |   414 |   162 |       ||   624
Dodge: Dodged            |    94 |    62 |   153 |   192 |   211 ||   712
Block: Large shield      |       |       |   204 |   456 |       ||   660
       Shield            |       |       |       |   216 |   131 ||   347
       Buckler           |       |       |       |       |    99 ||    99
       Reflection        |       |       |       |       |     7 ||     7
       Rpst.: Falchion   |    34 |    20 |    42 |       |       ||    96
       Long sword        |       |       |       |    53 |    27 ||    80
       Great sword       |       |       |       |       |    33 ||    33
